 Dungeon Crawl Stone Soup version 0.28-a0-794-gafe8c5f9e9 (webtiles) character file.

Game seed: 5111013310012395821

186 bande the Covered (level 5, -1/33 HPs)
             Began as a Gargoyle Fighter on Nov 6, 2021.
             Killed by divine providence
             ... invoked by an orc priest
              (11 damage)
             ... on level 4 of the Dungeon.
             The game lasted 00:05:31 (3303 turns).

bande the Covered (Gargoyle Fighter)                Turns: 3303, Time: 00:05:31

Health: -1/33      AC: 14    Str: 20    XL:     5   Next: 65%
Magic:  5/5        EV:  7    Int:  9    God:
Gold:   138        SH:  5    Dex: 15    Spells: 4/4 levels left

rFire   . . .      SeeInvis .   a - +0 war axe
rCold   . . .      Faith    .   c - +0 buckler
rNeg    + . .      Spirit   .   f - +0 chain mail
rPois   ∞          Reflect  .   (no helmet)
rElec   +          Harm     .   (no cloak)
rCorr   .          Rampage  .   l - +0 pair of gloves
Will    .....                   (no boots)
Stlth   ..........              (no amulet)
HPRegen 0.11/turn               h - +6 ring of dexterity
MPRegen 0.09/turn               (no ring)

@: no status effects
A: sickness immunity, AC +4, negative energy resistance 1, electricity
resistance, torment resistance 1, petrification resistance
a: no special abilities


You were on level 4 of the Dungeon.
You visited 1 branch of the dungeon, and saw 4 of its levels.

You collected 138 gold pieces.

Inventory:

Hand Weapons
 a - a +0 war axe (weapon)
 m - a +0 flail
Armour
 c - a +0 buckler (worn)
 f - a +0 chain mail (worn)
 l - a +0 pair of gloves (worn)
Jewellery
 g - a +6 ring of intelligence
 h - a +6 ring of dexterity (left hand)
Scrolls
 b - a scroll of enchant armour {unknown}
 i - a scroll of immolation {unknown}
 k - a scroll of magic mapping {unknown}
Potions
 d - 2 potions of might
 e - a potion of invisibility {unknown}
 j - a potion of lignification {unknown}


   Skills:
 + Level 4.1 Fighting
 + Level 3.5 Axes
 + Level 4.4 Armour
 + Level 4.0 Shields


You had 4 spell levels left.
You didn't know any spells.
Your spell library contained the following spells:

 Spells                   Type           Power      Damage    Failure   Level
 Corpse Rot               Necr/Air       0%         N/A       99%         2
 Poisonous Vapours        Pois/Air       0%         N/A       99%         2
 Wereblood                Tmut           0%         N/A       99%         2
 Summon Hydra             Summ           0%         N/A       100%        7
 Sublimation of Blood     Necr           Unusable   N/A       N/A         2

Dungeon Overview and Level Annotations

Branches:
Dungeon (4/15)
 Temple: D:4-7

Altars:
Qazlal
Trog

Shops:
D:3 *

Annotations:
D:3 3 runed translucent doors, ragingrage's ghost, weakling DsCK


Innate Abilities, Weirdness & Mutations

You are immune to sickness and miasma.
Your stone body is resilient. (AC +4)
You are immune to poison.
You resist negative energy. (rN+)
You are resistant to electric shocks. (rElec)
You are resistant to unholy torment.
You are immune to petrification.


Message History

You kill the orc!
You barely miss the orc.
An orc priest comes into view. It is wielding a +0 club.
You closely miss the orc. You hit the orc.
You kill the orc!
You block the orc's attack.
You barely miss the orc. The orc barely misses you.
The orc hits you but does no damage.
You slash the orc!
You kill the orc!
You barely miss the orc. The orc hits you but does no damage.
You slash the orc!
You kill the orc!
The orc priest invokes the aid of Beogh against you.
Pain shoots through your body! The orc priest closely misses you.
Things that are here:
a +0 hand axe; a +0 leather armour; a +0 trident You barely miss the orc priest.
The orc priest invokes the aid of Beogh against you.
Pain shoots through your body! The orc priest hits you with a +0 club.
You closely miss the orc priest.
The orc priest miscasts a cantrip.
You barely miss the orc priest. The orc priest barely misses you.
You closely miss the orc priest.
The orc priest mumbles some strange prayers to Beogh against you.
Beogh smites you!
You are too injured to fight recklessly!
You are too injured to fight recklessly!
You are too injured to fight recklessly!
You are too injured to fight recklessly!
You are too injured to fight recklessly!
You are too injured to fight recklessly!
You are too injured to fight recklessly!
You are too injured to fight recklessly!
You are too injured to fight recklessly!
You barely miss the orc priest.
The orc priest calls down the wrath of Beogh upon you.
Beogh smites you!
You die...

#.# #.# #.########
#.).....|. #
#.#######. .# #.# .#
#####.# ###.####
......# #.###.......
#####.## #..o@)..#
.......##########.###
######............#
##############


You could see an orc priest.

Vanquished Creatures
  An orc priest (D:3)
  An orc wizard (D:4)
  4 adders
  2 worms
  A dart slug (D:1)
  8 orcs
  10 endoplasms
  A giant cockroach (D:2)
  6 goblins
  4 hobgoblins
  8 jackals
  10 kobolds
  3 quokkas
  4 ball pythons
  4 bats
  2 frilled lizards
  7 rats
76 creatures vanquished.

Notes
Turn   | Place    | Note
-------+----------+-------------------------------------------
     0 | D:1      | bande the Gargoyle Fighter began the quest for the Orb.
     0 | D:1      | Reached XP level 1. HP: 14/14 MP: 1/1
    87 | D:1      | Reached XP level 2. HP: 18/19 MP: 2/2
   741 | D:2      | Reached XP level 3. HP: 23/24 MP: 3/3
  1169 | D:2      | Found a stormy altar of Qazlal.
  1958 | D:2      | Reached XP level 4. HP: 28/29 MP: 4/4
  2175 | D:3      | Found a bloodstained altar of Trog.
  2339 | D:3      | Found Ciyjuikust's Assorted Antiques.
  2750 | D:3      | Found a runed translucent gate.
  2750 | D:3      | Found a runed translucent gate.
  2750 | D:3      | Found a runed translucent gate.
  2751 | D:3      | Noticed ragingrage's ghost (weakling DsCK)
  2904 | D:3      | Found a faded altar of an unknown god.
  3125 | D:3      | Reached XP level 5. HP: 31/33 MP: 5/5
  3303 | D:4      | Killed from afar by an orc priest

Illustrated notes

Levels and vault maps discovered:
D:1:      amcnicky_arrival_double_pillar, layout_rooms, serial_glass,
          glass_columns_a, glass_columns_a, minivault_14, minivault_25,
          chequers_serial_rivers_micro_d, hangedman_decor_riveting,
          chequers_garden
D:2:      layout_loops_corners, basic_altar
D:3:      layout_loops_cross, mainiacjoe_overflow_catwalk,
          shapermc_ecumenical_altar_flowoftime, serial_shops, shop_statue,
          ebering_ghost_rock_garden
D:4:      layout_loops_ring, serial_shops, shop, uniq_pikel, uniq_grinder,
          uniq_edmund

Skill      XL: |  1  2  3  4  5 |
---------------+----------------+-----
Axes           | 2 3 |  3.5
Armour         | 4 |  4.4
Fighting       | 4 |  4.1
Shields        | 4 |  4.0

Action                   |  1- 3 |  4- 6 || total
-------------------------+-------+-------++-------
Melee: War axe           |   101 |   126 ||   227
  Use: Scroll            |     3 |       ||     3
Armor: Scale mail        |    11 |       ||    11
       Chain mail        |    55 |    78 ||   133
Dodge: Dodged            |    47 |    48 ||    95
Block: Buckler           |    27 |    35 ||    62

Table legend: (Time is in decaauts)
 A = Elapsed time spent in this place.
 B = Non-inter-level travel time spent in this place.
 C = Inter-level travel time spent in this place.
 D = Time resting spent in this place.
 E = Time spent auto-exploring this place.
 F = Levels seen in this place.
 G = Mean time per level.
                   A        B        C        D        E       F      G
               +--------+--------+--------+--------+--------+-----+--------+
         Total |   3389 |   3389 |      0 |    409 |   2252 |   4 |  847.2 |
       Dungeon |   3389 |   3389 |      0 |    409 |   2252 |   4 |  847.2 |
               +--------+--------+--------+--------+--------+-----+--------+

Top non-repeatable levels by time:
     D:2: 1385 daAuts
     D:3: 1163 daAuts
     D:1: 710 daAuts
     D:4: 130 daAuts
